 Dungeon Crawl Stone Soup version 0.29-a0-542-g075992c915 (webtiles) character file.

Game seed: 10801559340571990260

0 dohliylev the Firebug (level 1, -2/10 HPs)
             Began as a Gargoyle Fire Elementalist on June 4, 2022.
             Frozen to death by an endoplasm (5 damage)
             ... on level 1 of the Dungeon.
             The game lasted 00:00:37 (233 turns).

dohliylev the Firebug (Gargoyle Fire Elementalist)   Turns: 233, Time: 00:00:38

Health: -2/10      AC:  4    Str: 11    XL:     1   Next: 0%
Magic:  0/3        EV: 11    Int: 15    God:
Gold:   0          SH:  0    Dex: 10    Spells: 3/4 levels left

rFire   . . .      SeeInvis .   (no weapon)
rCold   . . .      Faith    .   (no shield)
rNeg    + . .      Spirit   .   a - +0 robe
rPois   ∞          Reflect  .   (no helmet)
rElec   +          Harm     .   (no cloak)
rCorr   .          Rampage  .   (no gloves)
Will    .....                   (no boots)
Stlth   ++........              (no amulet)
HPRegen 0.03/turn               (no ring)
MPRegen 0.08/turn               (no ring)

@: no status effects
A: sickness immunity, AC +2, negative energy resistance 1, electricity
resistance, torment resistance 1, petrification resistance
a: no special abilities


You were on level 1 of the Dungeon.
You visited 1 branch of the dungeon, and saw 1 of its levels.

Inventory:

Armour
 a - a +0 robe (worn)
Potions
 b - a potion of magic


   Skills:
 + Level 1.5 Dodging
 - Level 2.1 Stealth
 + Level 2.0 Spellcasting
 + Level 1.1 Conjurations
 + Level 3.0 Fire Magic


You had 3 spell levels left.
You knew the following spells:

 Your Spells              Type           Power      Damage    Failure   Level
a - Foxfire               Conj/Fire      28%        2x1d5     10%         1

Your spell library contained the following spells:

 Spells                   Type           Power      Damage    Failure   Level
 Scorch                   Fire           20%        2d6       10%         2
 Conjure Flame            Conj/Fire      7%         6-21      28%         3
 Inner Flame              Hex/Fire       6%         N/A       34%         3
 Flame Wave               Conj/Fire      7%         2d5       67%         4


Dungeon Overview and Level Annotations

Branches:
Dungeon (1/15)

Altars:


Innate Abilities, Weirdness & Mutations

You are immune to sickness and miasma.
Your stone body is resilient. (AC +2)
You are immune to poison.
You resist negative energy. (rN+)
You are resistant to electric shocks. (rElec)
You are resistant to unholy torment.
You are immune to petrification.


Message History

Found a short sword.
An endoplasm comes into view.
Casting: Foxfire (safe; 10% risk of failure)
Press: ? - help, Q - select action Dir - look around, f - activate
Okay, then.
The endoplasm quivers.
Casting: Foxfire (safe; 10% risk of failure)
Press: ? - help, Q - select action Dir - look around, f - activate You conjure some foxfire!
The endoplasm completely misses you.
The foxfire hits the endoplasm.
The endoplasm is severely wounded.
The endoplasm attacks as you move away! The endoplasm closely misses you.
Casting: Foxfire (safe; 10% risk of failure)
Press: ? - help, Q - select action Dir - look around, f - activate You conjure some foxfire!
The endoplasm freezes you.
You are frozen.
Ouch! That really hurt!
Your foxfire dissipates!
Casting: Foxfire (safe; 10% risk of failure)
Press: ? - help, Q - select action Dir - look around, f - activate You miscast Foxfire.
You are very lightly contaminated with residual magic.
Nothing appears to happen.
The endoplasm jiggles.
The endoplasm barely misses you. The endoplasm attacks as you move away!
The endoplasm barely misses you.
You hit the endoplasm but do no damage.
The endoplasm is severely wounded.
The endoplasm hits you.
* * * LOW HITPOINT WARNING * * *
Your magical contamination has completely faded away.
Casting: Foxfire (safe; 10% risk of failure)
Press: ? - help, Q - select action Dir - look around, f - activate You conjure some foxfire!
The endoplasm freezes you.
You are frozen.
Ouch! That really hurt!
You die...

### ..## ## ..# ###
####.##.# #.#######
#......v#####.......#
#..@J............###
#.##v###.#......##.#
# #.###.#....#.....
#.#.#.#..#.#.##..
#.#.#.#..#.#.....
..#......#.#.#..#
#.##.##..#......#
#.......v#..###.##.#
#..#........#......#


You could see an endoplasm (ally target).

Vanquished Creatures (others)
  A foxfire (D:1)
1 creature vanquished.

Notes
Turn   | Place    | Note
-------+----------+-------------------------------------------
     0 | D:1      | dohliylev the Gargoyle Fire Elementalist began the quest
                  | for the Orb.
     0 | D:1      | Reached XP level 1. HP: 10/10 MP: 3/3
   233 | D:1      | Frozen to death by an endoplasm

Illustrated notes

Levels and vault maps discovered:
D:1:      minmay_arrival_widening_spiral_narrow, layout_basic, serial_forest,
          infiniplex_forest_zigzag_2, infiniplex_forest_straight_4,
          infiniplex_forest_clump_large, infiniplex_forest_zigzag_1,
          infiniplex_forest_join, infiniplex_forest_lined_2,
          infiniplex_forest_lined_corner, infiniplex_forest_lined_corner,
          lexackson_kobold_supper

Action                   || total
-------------------------++-------
Melee: Unarmed           ||     1
 Cast: Foxfire           ||     3
Dodge: Dodged            ||     4

Table legend: (Time is in decaauts)
 A = Elapsed time spent in this place.
 B = Non-inter-level travel time spent in this place.
 C = Inter-level travel time spent in this place.
 D = Time resting spent in this place.
 E = Time spent auto-exploring this place.
 F = Levels seen in this place.
 G = Mean time per level.
                   A        B        C        D        E       F      G
               +--------+--------+--------+--------+--------+-----+--------+
         Total |    233 |    233 |      0 |      0 |    167 |   1 |  233.0 |
       Dungeon |    233 |    233 |      0 |      0 |    167 |   1 |  233.0 |
               +--------+--------+--------+--------+--------+-----+--------+

Top non-repeatable levels by time:
     D:1: 233 daAuts
